Map: Hardwire LE

Players

ShoWTimE - Winner!

  • Race: Protoss Protoss
  • League: Grandmaster

Lambo

  • Race: Zerg Zerg
  • League: Grandmaster

Event: DreamHack SC2 Masters Last Chance 2022

VOD

Have the link to the VOD?

Description

Time

  • Played on: Dec. 19, 2021, 7:11 p.m.
  • Length: 13:06

All games in this series

Show
View Real Time Build Order
Export as new Build Order

ShoWTimE Protoss - Winner!

Build Orders: 1 Gate Expand, Oracle Opening, Zealot Archon 

Get SALT Encoding   

  12  0:00  Probe  
  13  0:12  Probe  
  14  0:18  Pylon  
  14  0:24  Probe (Chrono Boost)  
  15  0:36  Probe (Chrono Boost)  
  15  0:38  Gateway  
  16  0:45  Probe (Chrono Boost)  
  16  0:46  Assimilator  
  17  0:50  Probe  
  18  1:03  Probe  
  19  1:15  Probe  
  20  1:23  Nexus  
  20  1:32  Cybernetics Core  
  20  1:35  Probe  
  21  1:41  Assimilator  
  21  1:47  Probe  
  21  1:50  Pylon  
  22  1:59  Probe  
  23  2:06  Adept (Chrono Boost)  
  23  2:11  Probe  
  26  2:19  Stargate  
  26  2:23  Probe  
  26  2:28  Adept (Chrono Boost)  
  29  2:35  Probe (Chrono Boost)  
  31  2:38  Warp Gate  
  31  2:41  Probe (Chrono Boost)  
  32  2:45  Probe (Chrono Boost)  
  32  2:49  Adept (Chrono Boost), Probe (Chrono Boost)  
  32  2:50  Probe (Chrono Boost)  
  36  3:00  Probe  
  36  3:01  Pylon  
  36  3:02  Probe  
  36  3:03  Oracle (Chrono Boost)  
  38  3:12  Probe  
  42  3:14  Probe  
  42  3:19  Adept  
  45  3:24  Probe  
  45  3:26  Probe  
  45  3:34  Oracle (Chrono Boost)  
  45  3:36  Probe  
  45  3:38  Gateway, Probe  
  48  3:43  Pylon  
  48  3:48  Probe  
  49  3:50  Probe  
  50  3:57  Nexus  
  50  4:00  Probe  
  50  4:02  Probe  
  52  4:04  Pylon  
  52  4:05  Oracle (Chrono Boost)  
  55  4:11  Assimilator  
  55  4:14  Assimilator  
  55  4:15  Probe x2  
  57  4:24  Robotics Facility  
  57  4:28  Adept  
  57  4:29  Probe x2  
  61  4:33  Adept  
  61  4:41  Probe x2  
  58  4:53  Probe x2, Forge  
  58  4:54  Gateway  
  58  4:55  Sentry  
  58  4:56  Sentry  
  64  5:05  Probe x2  
  63  5:08  Shield Battery  
  63  5:09  Probe  
  64  5:17  Probe x2  
  64  5:19  Immortal (Chrono Boost)  
  64  5:21  Probe  
  67  5:25  Robotics Bay, Protoss Ground Weapons Level 1 (Chrono Boost)  
  67  5:26  Photon Cannon  
  71  5:29  Probe x2  
  71  5:31  Pylon  
  71  5:33  Probe  
  74  5:38  Pylon  
  74  5:41  Probe  
  74  5:42  Twilight Council, Probe  
  76  5:43  Phoenix x2  
  76  5:45  Probe  
  76  5:46  Assimilator  
  76  5:49  Sentry  
  79  5:50  Assimilator  
  79  5:53  Observer (Chrono Boost), Zealot  
  79  5:54  Probe x2  
  79  5:56  Zealot  
  86  5:57  Probe  
  86  6:01  Pylon  
  87  6:04  Pylon  
  87  6:06  Probe x2  
  89  6:11  Warp Prism (Chrono Boost)  
  89  6:16  Charge (Chrono Boost)  
  89  6:18  Gateway  
  91  6:22  Gateway x2  
  91  6:24  Zealot x3  
  97  6:30  Templar Archives  
  97  6:40  Pylon  
  97  6:56  Disruptor (Chrono Boost)  
  97  6:57  Nexus, Pylon  
  97  6:59  Zealot x3  
  106  7:03  Pylon  
  106  7:04  Probe x3  
  106  7:05  Pylon  
  109  7:13  High Templar  
  109  7:14  Gateway  
  109  7:15  Gateway, Phoenix  
  111  7:16  Probe  
  111  7:18  High Templar  
  111  7:19  Probe  
  111  7:22  Archon, Protoss Ground Weapons Level 2  
  117  7:24  High Templar x2  
  117  7:27  Archon  
  121  7:32  Probe  
  121  7:35  Photon Cannon, Disruptor  
  120  7:37  Photon Cannon x2  
  120  7:40  Phoenix  
  120  7:41  Zealot  
  125  7:47  Shield Battery  
  117  8:05  Zealot x6  
  129  8:09  Cybernetics Core  
  129  8:11  Disruptor (Chrono Boost), Shield Battery  
  129  8:12  Shield Battery  
  132  8:17  Probe x4  
  136  8:26  Zealot x3  
  136  8:36  Zealot x3  
  138  8:42  Pylon  
  138  8:44  Disruptor (Chrono Boost)  
  141  8:53  Stalker x3  
  145  8:58  Zealot x3  
  146  9:05  Shield Battery  
  142  9:12  Disruptor  
  137  9:18  Phoenix (Chrono Boost)  
  137  9:19  Probe x4  
  137  9:22  Photon Cannon  
  143  9:26  Photon Cannon  
  143  9:29  High Templar x3, Shield Battery  
  143  9:30  High Templar  
  151  9:32  Archon  
  151  9:36  Probe  
  151  9:37  Phoenix (Chrono Boost), Assimilator  
  152  9:40  Pylon  
  152  9:41  Assimilator  
  152  9:47  Zealot x2  
  152  9:52  Gateway  
  156  9:59  Phoenix (Chrono Boost)  
  156  10:04  Stalker x4  
  164  10:08  Stalker x2  
  164  10:17  Phoenix  
  164  10:21  Pylon  
  166  10:22  Pylon  
  166  10:23  Pylon  
  162  10:31  Pylon  
  162  10:32  Probe  
  162  10:34  Fleet Beacon  
  162  10:35  Probe  
  157  10:39  High Templar x4  
  157  10:40  Probe  
  157  10:41  Probe  
  167  10:43  Archon x3  
  167  10:48  Probe  
  168  10:51  Probe  
  168  10:53  Probe  
  168  10:55  Photon Cannon  
  167  10:58  Photon Cannon  
  167  11:00  High Templar  
  167  11:01  High Templar  
  167  11:03  Zealot x3  
  177  11:17  Archon  
  169  11:21  Stalker x3  
  169  11:25  Zealot x4  
  170  11:33  Anion Pulse-Crystals (Chrono Boost), Phoenix (Chrono Boost)  
  160  11:48  Zealot x8  
  173  12:03  Disruptor (Chrono Boost)  
  173  12:04  Probe x3  
  173  12:08  Stalker x6  
  191  12:10  Zealot x3  
  185  12:16  Nexus  
  185  12:18  Pylon  
  161  12:32  Stalker x6  
  161  12:36  Zealot x3  
Show
View Real Time Build Order
Export as new Build Order

Lambo Zerg 

Build Orders: Hatch First 

Get SALT Encoding   

  12  0:00  Drone  
  13  0:13  Overlord  
  13  0:17  Drone  
  14  0:32  Drone x2  
  16  0:48  Hatchery  
  15  0:50  Drone  
  15  0:54  Drone  
  17  0:57  Drone  
  18  1:08  Extractor  
  17  1:12  Spawning Pool  
  17  1:16  Drone  
  17  1:19  Drone  
  18  1:28  Drone  
  19  1:40  Drone  
  20  1:52  Drone  
  21  1:59  Queen  
  21  2:00  Zergling x2, Queen, Overlord  
  26  2:11  Zergling x2  
  26  2:12  Drone  
  26  2:14  Metabolic Boost  
  28  2:22  Drone x2  
  30  2:35  Hatchery  
  29  2:39  Queen  
  29  2:42  Drone  
  32  2:47  Overlord  
  32  2:50  Drone  
  33  2:55  Zergling x4  
  35  3:05  Queen  
  37  3:06  Drone, Overlord  
  37  3:10  Drone  
  37  3:11  Drone  
  40  3:13  Drone  
  40  3:15  Drone  
  42  3:20  Evolution Chamber  
  40  3:28  Drone x3  
  40  3:30  Drone  
  43  3:37  Spore Crawler  
  43  3:41  Drone x3  
  44  3:45  Drone x2  
  48  3:48  Drone  
  48  3:52  Queen  
  50  3:56  Drone  
  50  3:58  Drone  
  50  4:00  Drone x2  
  54  4:08  Overlord  
  56  4:11  Overlord  
  56  4:15  Queen  
  58  4:21  Drone x2  
  58  4:24  Spore Crawler  
  58  4:25  Drone  
  58  4:28  Drone x5  
  58  4:30  Drone  
  63  4:33  Drone  
  58  4:39  Drone x4  
  58  4:42  Drone x2  
  59  4:51  Drone x3  
  59  4:52  Drone  
  63  4:55  Drone x2  
  65  5:03  Drone x2  
  65  5:04  Drone  
  68  5:10  Evolution Chamber, Lair  
  65  5:14  Drone x5  
  65  5:17  Spore Crawler  
  65  5:18  Drone  
  65  5:20  Drone x2  
  71  5:24  Drone  
  71  5:27  Extractor  
  71  5:28  Drone x2, Hatchery  
  72  5:29  Extractor  
  72  5:30  Extractor  
  72  5:32  Roach Warren  
  72  5:35  Overlord  
  69  5:36  Zergling x8  
  69  5:39  Overlord  
  69  5:41  Overlord  
  73  5:43  Overlord  
  73  5:46  Extractor  
  73  5:47  Extractor, Overlord  
  73  5:50  Drone x2  
  73  5:54  Drone x4  
  77  5:58  Zerg Missile Weapons Level 1  
  77  5:59  Drone  
  77  6:01  Drone  
  79  6:04  Drone x3  
  79  6:09  Drone x4  
  86  6:13  Drone x2  
  86  6:14  Spire  
  86  6:17  Drone x3  
  90  6:24  Glial Reconstitution  
  90  6:26  Drone x3  
  90  6:32  Overlord  
  95  6:34  Roach x4  
  95  6:36  Roach  
  95  6:37  Roach x2  
  95  6:39  Roach  
  109  6:43  Roach x2  
  113  6:47  Roach x3  
  113  6:49  Extractor  
  113  6:50  Overlord  
  113  6:52  Overseer  
  113  6:53  Overlord  
  118  6:55  Overlord  
  118  6:58  Extractor, Overlord  
  117  7:02  Roach x2  
  117  7:03  Roach x2  
  125  7:12  Overlord  
  125  7:16  Roach x9  
  125  7:17  Overlord  
  125  7:21  Overlord  
  143  7:23  Overlord  
  143  7:26  Overlord  
  143  7:27  Roach x3  
  149  7:34  Roach x5  
  149  7:35  Ravager x2  
  149  7:36  Ravager x2  
  156  7:39  Roach x2  
  156  7:42  Roach x2  
  154  7:44  Roach  
  154  7:46  Zergling x2, Roach  
  154  7:48  Roach  
  154  7:50  Roach  
  154  7:51  Overlord  
  161  7:53  Roach  
  161  7:54  Zergling x6  
  161  8:00  Zergling x8  
  161  8:01  Zergling x2  
  166  8:07  Zergling x4  
  166  8:11  Zerg Flyer Weapons Level 1, Zergling x2  
  166  8:12  Zergling x8  
  173  8:19  Overlord  
  173  8:22  Overlord  
  173  8:23  Overlord  
  173  8:31  Zergling x14  
  168  8:35  Zergling x6  
  151  9:06  Mutalisk x5  
  151  9:07  Mutalisk x8  
  151  9:09  Hatchery  
  168  9:12  Mutalisk  
  168  9:16  Zergling x12, Roach  
  160  9:18  Queen  
  160  9:19  Queen  
  160  9:22  Mutalisk x2  
  168  9:28  Mutalisk  
  168  9:31  Zerg Missile Weapons Level 2  
  170  9:35  Roach x3  
  170  9:36  Zergling x14  
  179  9:46  Zergling x6  
  179  9:51  Infestation Pit, Zergling x8  
  185  9:57  Zergling x10  
  186  10:07  Zergling x2  
  186  10:08  Zergling x6  
  186  10:14  Drone x2  
  190  10:17  Baneling Nest  
  189  10:22  Ravager x2  
  189  10:27  Roach x4  
  199  10:35  Overlord  
  199  10:39  Hive  
  197  10:48  Roach  
  199  11:00  Centrifugal Hooks  
  199  11:02  Evolution Chamber  
  198  11:11  Roach x2  
  199  11:13  Roach  
  199  11:15  Roach x4  
  198  11:18  Roach x5  
  198  11:20  Roach x2  
  198  11:22  Roach  
  198  11:23  Roach x10  
  191  11:34  Roach  
  191  11:35  Roach x2  
  191  11:39  Roach x7  
  186  11:43  Roach x4  
  182  11:56  Zergling x10  
  183  12:04  Baneling x30  
  183  12:05  Baneling  
  183  12:08  Overlord  
  176  12:16  Zergling x2  
  176  12:19  Roach x11  
  162  12:24  Roach x2  
  162  12:29  Corruptor  
  164  12:33  Roach x2  
  164  12:36  Corruptor  

Tags
 
Add a new tag
Caveats
  • Supply blocks, unpowered buildings, or Contaminate may cause inaccurate times.
  • Supply counts are checked every 10 seconds.